 Dungeon Crawl Stone Soup version 0.23.2-30-g0e89c35649 (webtiles) character file.

Game seed: 8116321510355361179

23 troglodite the Ducker (level 2, -1/13 HPs)
             Began as a Spriggan Summoner on June 17, 2019.
             Slain by a gnoll (8 damage)
             ... on level 2 of the Dungeon.
             The game lasted 00:04:22 (1674 turns).

troglodite the Ducker (Spriggan Summoner)           Turns: 1674, Time: 00:04:23

Health: -1/13      AC:  2    Str:  4    XL:     2   Next: 75%
Magic:  5/7        EV: 19    Int: 16    God:
Gold:   85         SH:  5    Dex: 16    Spells: 4/7 levels left

rFire    . . .     SeeInvis +   f - +0 dagger
rCold    . . .     Gourm    .   (shield restricted)
rNeg     . . .     Faith    .   a - +0 robe
rPois    .         Spirit   .   (helmet restricted)
rElec    .         Reflect  +   (no cloak)
rCorr    .         Harm     .   (gloves unavailable)
MR       .....                  (boots unavailable)
Stlth    ++........             j - +5 amulet of reflection
HPRegen  0.04/turn              (no ring)
MPRegen  0.10/turn              (no ring)

@: very quick
A: very small, unfitting armour, see invisible, herbivore, speed 3, slow
metabolism 2
a: no special abilities


You were on level 2 of the Dungeon.
You were not hungry.

You visited 1 branch of the dungeon, and saw 2 of its levels.

You collected 85 gold pieces.

Inventory:

Hand Weapons
 f - a +0 dagger (weapon)
 h - a +0 hunting sling
Missiles
 l - 18 stones (quivered)
Armour
 a - a +0 robe (worn)
Jewellery
 j - a +5 amulet of reflection (around neck)
Scrolls
 b - a scroll of remove curse
 d - 2 scrolls of amnesia {unknown}
 e - a scroll of teleportation {unknown}
 g - a scroll of fog {unknown}
 i - a scroll of fear {unknown}
 k - 2 scrolls of immolation {unknown}
Potions
 m - a potion of lignification {unknown}
Comestibles
 c - 4 rations


   Skills:
 + Level 0.3 Short Blades
 * Level 0.2 Slings
 * Level 3.8 Dodging
 * Level 3.4 Stealth
 * Level 3.0 Spellcasting
 + Level 3.4 Summonings


You had 4 spell levels left.
You knew the following spells:

 Your Spells              Type           Power        Failure   Level  Hunger
a - Summon Small Mammal   Summ           ##..         4%          1    #......
b - Call Imp              Summ           ##......     7%          2    ##.....

Your spell library contained the following spells:

 Spells                   Type           Power        Failure   Level  Hunger
 Call Canine Familiar     Summ           ##......     14%         3    ###....
 Summon Guardian Golem    Hex/Summ       #.......     28%         3    ###....
 Summon Ice Beast         Ice/Summ       #.......     67%         4    #####..
 Summon Lightning Spire   Summ/Air       #.......     67%         4    #####..


Dungeon Overview and Level Annotations

Branches:
Dungeon (2/15)

Altars:


Innate Abilities, Weirdness & Mutations

You are very small and have problems with some larger weapons.
You are too small for most types of armour.
You have supernaturally acute eyesight. (SInv)
You are a herbivore.
You cover ground extremely quickly.
You need to consume almost no food.


Message History

c - 4 rations (gained 1)
A gnoll comes into view.
A gnoll is nearby!
A gnoll comes into view. It is wielding a +0 spear.
Casting: Call Imp (safe; 7% risk of failure)
Confirm with . or Enter, or press ? or * to list all spells.
A beastly little devil appears in a puff of flame.
Found a ring mail.
You swap places.
The gnoll closely misses your crimson imp.
The gnoll misses your crimson imp.
You hit the gnoll but do no damage. The gnoll misses you.
Your crimson imp barely misses the gnoll.
You barely miss the gnoll. The gnoll completely misses you.
Your crimson imp hits the gnoll.
You hit the gnoll.
The gnoll is lightly wounded.
The gnoll hits you!
Ouch! That really hurt!
You die...

#...# #..# #...# #..#
#####...# #..# #.......#
#.. [ #.####..##### #.#
.. #.......>...# #.# ...
.....##.#.#.####.# ....
#.#..#.†........5##....g
#.#.....#..#.###@g......
#.........###.##.#####..
#.#.##.†#..#.###.#
#.........#.## #.#
######.###### #.#
#...b.# ... #.....# .##
#.....# #. #.....# #.


You could see 2 gnolls and a friendly crimson imp.

Vanquished Creatures
  A dart slug (D:1)
  A leopard gecko (D:2)
  2 goblins
  2 hobgoblins
  2 jackals (D:1)
  2 kobolds
  2 bats
  4 rats
16 creatures vanquished.

Vanquished Creatures (collateral kills)
  A bat (D:1)
  A giant cockroach (D:1)
  A goblin (D:2)
  2 hobgoblins
  A jackal (D:1)
  A frilled lizard (D:1)
7 creatures vanquished.

Grand Total: 23 creatures vanquished

Notes
Turn   | Place    | Note
-------+----------+-------------------------------------------
     0 | D:1      | troglodite the Spriggan Summoner began the quest for the
                  | Orb.
     0 | D:1      | Reached XP level 1. HP: 9/9 MP: 5/5
   646 | D:1      | Reached XP level 2. HP: 9/13 MP: 6/6
   650 | D:1      | Learned a level 2 spell: Call Imp
  1674 | D:2      | Slain by a gnoll

Skill      XL: |  1  2 |
---------------+-------+-----
Spellcasting   | 3 |  3.0
Short Blades   | |  0.3
Slings         | |  0.2
Dodging        | |  3.8
Stealth        | |  3.4
Summonings     | |  3.4

Action                   || total
-------------------------++-------
Melee: Dagger            ||    91
 Cast: Summon Small Mamm ||    11
       Call Imp          ||     2
  Use: Scroll            ||     1
 Stab: Sleeping          ||     2
       Distracted        ||     1
Armor: Robe              ||     5
Dodge: Dodged            ||    62
Block: Other             ||    16
